 Dungeon Crawl Stone Soup version 0.30.1-11-g7821555f0a (webtiles) character file.

Game seed: 14045867767364856198

2536 SacredBeard the Skirmisher (level 9, -2/47 HPs)
             Began as a Deep Elf Hexslinger on Oct 30, 2023.
             Was an Initiate of Hepliaklqana.
             Slain by a wight
             ... wielding a +3 scimitar
              (12 damage)
             ... on level 7 of the Dungeon.
             The game lasted 00:34:07 (7459 turns).

SacredBeard the Skirmisher (Deep Elf Hexslinger)    Turns: 7459, Time: 00:34:07

Health: -2/47      AC:  4    Str:  7    XL:     9   Next: 30%
Magic:  38/38      EV: 14    Int: 19    God:    Hepliaklqana [......]
Gold:   487        SH:  0    Dex: 19    Spells: 9/20 levels left

rFire   . . .        e - +0 shortbow
rCold   . . .        (shield currently unavailable)
rNeg    . . .        c - +0 robe
rPois   .            y - +0 helmet
rElec   .            (no cloak)
rCorr   .            (no gloves)
SInv    .            A - +0 pair of boots
Will    .....        (no amulet)
Stlth   ++           x - ring of magical power
HPRegen 0.27/turn    H - ring of magical power
MPRegen 0.26/turn

%: no passive effects
@: no status effects
A: no striking features
a: Renounce Religion


You were on level 7 of the Dungeon.
You worshipped Hepliaklqana.
Hepliaklqana was noncommittal.
You visited 2 branches of the dungeon, and saw 8 of its levels.

You collected 487 gold pieces.

Inventory:

Hand Weapons
 e - a +0 shortbow (weapon)
 l - a +2 dagger of flaming
Missiles
 p - 2 throwing nets
Armour
 c - a +0 robe (worn)
 y - a +0 helmet (worn)
 A - a +0 pair of boots (worn)
Jewellery
 x - a ring of magical power (left hand)
 H - a ring of magical power (right hand)
Wands
 F - a wand of acid (7)
 I - a wand of charming (5)
Scrolls
 b - 2 scrolls of poison
 d - a scroll of amnesia
 k - a scroll of torment
 m - a scroll of enchant armour
 n - 2 scrolls of fear
 o - a scroll of vulnerability
 q - a scroll of noise
 s - a scroll of immolation
 u - a scroll of brand weapon
 v - a scroll of fog
 B - a scroll of magic mapping
 D - a scroll of enchant weapon {unknown}
 E - a scroll of acquirement {unknown}
Potions
 f - 3 potions of curing
 g - a potion of mutation {unknown}
 h - a potion of haste
 i - 2 potions of heal wounds {unknown}
 r - a potion of invisibility {unknown}
 t - 2 potions of resistance {unknown}
 w - 3 potions of ambrosia {unknown}
 z - a potion of flight {unknown}
 C - a potion of attraction {unknown}
 G - a potion of degeneration {unknown}


   Skills:
 - Level 1.0 Fighting
 * Level 13.4 Ranged Weapons
 - Level 4.0 Dodging
 - Level 6.0 Spellcasting
 - Level 6.0 Hexes
 * Level 3.3 Invocations
 - Level 2.0 Evocations


You had 9 spell levels left.
You knew the following spells:

 Your Spells              Type           Power      Damage    Failure   Level
a - Slow                  Hex            100%       N/A       1%          1
b - Inner Flame           Hex/Fire       17%        N/A       10%         3
c - Portal Projectile     Hex/Tloc       34%        N/A       10%         3
d - Cause Fear            Hex            14%        N/A       10%         4

Your spell library contained the following spells:

 Spells                   Type           Power      Damage    Failure   Level
 Ensorcelled Hibernation  Hex/Ice        34%        N/A       4%          2
 Dazzling Flash           Conj/Hex       34%        N/A       10%         3
 Magic Dart               Conj           20%        1d4       11%         1
 Passwall                 Tmut/Erth      4%         N/A       17%         2
 Searing Ray              Conj           10%        2d4       17%         2
 Swiftness                Air            5%         N/A       32%         3
 Volatile Blastmotes      Fire/Tloc      10%        2d10      32%         3
 Fulminant Prism          Conj/Hex       8%         3d7       32%         4
 Iskenderun's Mystic Bla  Conj/Tloc      5%         2d3       73%         4
 Starburst                Conj/Fire      2%         6d3       100%        6


Dungeon Overview and Level Annotations

Branches:
Dungeon (7/15) Zot: 26358  Temple (1/1) D:5 Zot: 5751

Altars:
Ashenzari
Cheibriados
Dithmenos
Gozag
Hepliaklqana
Kikubaaqudgha
Nemelex Xobeh
Okawaru
Sif Muna
Trog
Uskayaw
Vehumet
Wu Jian
Xom
Zin
The Shining One


Message History

The orc priest is severely wounded.
You shoot an arrow. The arrow hits the orc priest.
The orc priest is almost dead.
The orc priest hits you with a +0 club.
You shoot an arrow.
The arrow hits the orc priest but does no damage.
The orc priest is almost dead.
You shoot an arrow. The arrow hits the orc priest.
You kill the orc priest!
No target in view!
HP restored.
Done exploring.
As you open the large door, it creaks loudly!
There is a large open door here.
There is a stone staircase leading down here.
You see here a +1 sling.
Okay, then.
You can't go up here!
You climb downwards.
An orc comes into view. It is wielding a +0 dagger.
There is a stone staircase leading up here.
The orc shouts! x2
The orc misses you.
You climb upwards.
There is a stone staircase leading down here.
You see here a +1 sling.
There is a stone staircase leading down here.
You can't go up here!
You climb downwards.
The sleepcap releases spores at you.
You are engulfed in a cloud of soporific spores!
You fall asleep.
The wight hits you with a +3 morningstar!!
You wake up.
Ouch! That really hurt!
* * * LOW HITPOINT WARNING * * *
The sleepcap barely misses you.
There is a stone staircase leading up, spattered with blood here.
You can't go down here!
The wight barely misses you. The wight hits you with a +3 scimitar!
You die...

.# .. #.
#.##########
#..(..z.:..# ###
#.o..z@...#
.o...##...oofz..#
#..<..$.....#
###.........#
#..........#
o.#......$.#
.###........# .#
#.[......# .#
.......


You could see an orc warrior, a sleepcap, 3 wights and 3 orcs.

Vanquished Creatures
  Sigmund (D:3)
  A water moccasin (D:5)
  A black bear (D:5)
  A sky beast (D:6)
  3 ogres
  3 ice beasts (D:6)
  A centaur (D:6)
  A phantom (D:4)
  2 bullfrogs
  6 scorpions
  A wight (D:6)
  2 vampire bats (D:3)
  A howler monkey (D:5)
  A gnoll bouda (D:5)
  A jelly (D:6)
  3 orc priests
  4 hounds
  4 orc wizards
  Ijyb (D:5)
  Natasha (twice) (D:2)
  3 iguanas
  5 adders
  9 gnolls
  A white imp (D:6)
  2 worms (D:2)
  13 orcs
  3 bats
  4 bat skeletons (D:3)
  12 endoplasms
  10 goblins
  7 hobgoblins
  2 jackals (D:1)
  3 quokkas
  2 frilled lizards
  3 kobolds
  3 rats
  2 butterflies (D:3)
124 creatures vanquished.

Notes
Turn   | Place    | Note
-------+----------+-------------------------------------------
     0 | D:1      | SacredBeard the Deep Elf Hexslinger began the quest for the
                  | Orb.
     0 | D:1      | Reached XP level 1. HP: 11/11 MP: 5/5
   217 | D:1      | Reached skill level 3 in Ranged Weapons
   228 | D:1      | Reached skill level 1 in Fighting
   228 | D:1      | Reached XP level 2. HP: 16/16 MP: 0/6
   969 | D:2      | Reached XP level 3. HP: 20/20 MP: 5/8
  1123 | D:1      | Learned a level 3 spell: Inner Flame
  1249 | D:2      | Noticed Natasha
  1274 | D:2      | Killed Natasha
  1275 | D:2      | Reached skill level 4 in Ranged Weapons
  1275 | D:2      | Reached XP level 4. HP: 23/25 MP: 3/9
  1780 | D:2      | Noticed Natasha
  1799 | D:2      | You fall into a shaft and drop 1 floor!
  1935 | D:2      | Killed Natasha
  1936 | D:2      | Reached skill level 5 in Hexes
  1936 | D:2      | Reached XP level 5. HP: 29/29 MP: 3/11
  2113 | D:3      | Noticed Sigmund
  2123 | D:3      | Killed Sigmund
  2124 | D:3      | Reached skill level 5 in Ranged Weapons
  2124 | D:3      | Reached XP level 6. HP: 26/34 MP: 3/13
  2743 | D:3      | Found a shimmering altar of Xom.
  2931 | D:3      | Reached skill level 6 in Ranged Weapons
  2933 | D:3      | Found an ancient bone altar of Kikubaaqudgha.
  3451 | D:4      | Reached skill level 7 in Ranged Weapons
  3451 | D:4      | Reached XP level 7. HP: 38/38 MP: 8/16
  3537 | D:4      | Reached skill level 5 in Spellcasting
  3724 | D:4      | Reached skill level 8 in Ranged Weapons
  4239 | D:4      | Found a glowing golden altar of the Shining One.
  4354 | D:5      | Entered Level 5 of the Dungeon
  4460 | D:6      | Reached skill level 9 in Ranged Weapons
  4460 | D:6      | Reached XP level 8. HP: 41/43 MP: 19/19
  4566 | D:5      | Reached skill level 10 in Ranged Weapons
  4723 | D:5      | Found a broken altar of Ashenzari.
  4849 | D:5      | Reached skill level 11 in Ranged Weapons
  4890 | D:5      | Learned a level 3 spell: Portal Projectile
  4895 | D:5      | Learned a level 4 spell: Cause Fear
  4964 | D:5      | Noticed Ijyb
  4980 | D:5      | Killed Ijyb
  5134 | D:5      | Reached skill level 12 in Ranged Weapons
  5285 | D:5      | Found a hide-covered altar of Uskayaw.
  5299 | D:5      | Found a staircase to the Ecumenical Temple.
  5545 | Temple   | Entered the Ecumenical Temple
  5728 | Temple   | Became a worshipper of Hepliaklqana the Forgotten
  5859 | D:6      | Reached skill level 1 in Invocations
  5859 | D:6      | Reached XP level 9. HP: 44/47 MP: 20/20
  6000 | D:6      | Reached skill level 1 in Evocations
  6370 | D:6      | Reached skill level 13 in Ranged Weapons
  7459 | D:7      | Slain by a wight

Illustrated notes

Levels and vault maps discovered:
D:1:      saegor_arrival_simple_d, layout_basic, hex_large, minmay_cupped
D:2:      layout_rooms, uniq_natasha
D:3:      layout_basic, kennysheep_vampire_church, xom_butterflies,
          dreamdust_wishing_well, uniq_sigmund
D:4:      layout_rooms, lemuel_crystal_altar
D:5:      layout_basic, mainiacjoe_overflow_surrounded_room,
          evilmike_ruin_ashenzari, minmay_temple_entry_offerings,
          minmay_fractal_squares_diagonal_5, uniq_ijyb
D:6:      layout_basic
D:7:      layout_rooms, gammafunk_temple_overflow_pools,
          amcnicky_mini_pool_small, minmay_misc_feat_plants, minivault_10,
          minivault_24
Temple:   chequers_temple_sunken

Skill      XL: |  1  2  3  4  5  6  7  8  9 |
---------------+----------------------------+-----
Ranged Weapons | 3 4 5 7 9 12 13 | 13.4
Fighting       | 1 |  1.0
Spellcasting   | 2 3 4 6 |  6.0
Dodging        | 3 4 |  4.0
Hexes          | 5 6 |  6.0
Invocations    | 1 3 |  3.3
Evocations     | 2 |  2.0

Action                     |  1- 3 |  4- 6 |  7- 9 || total
---------------------------+-------+-------+-------++-------
  Melee: Dagger            |       |       |    10 ||    10
   Fire: Sling             |    65 |   151 |   174 ||   390
         Shortbow          |       |       |    15 ||    15
   Cast: Slow              |    32 |    34 |    77 ||   143
         Inner Flame       |     1 |    10 |    37 ||    48
    Use: Potion            |       |     2 |       ||     2
         Scroll            |       |       |    13 ||    13
 Armour: Robe              |     1 |     9 |    18 ||    28
  Dodge: Dodged            |    11 |    42 |    66 ||   119
